Cogmind - Beta 17 @@@ ROGUE MODE // 2026.07.07 @ 21:40:52 Player: NeoBioHazard Result: Destroyed by B-86 Titan with Matter Neutralizer Performance ------------- Evolutions (6) 3000 Regions Visited (13) 2600 Robots Destroyed (6) 30 Value Destroyed (202) 202 Prototype IDs (2) 40 Alien Tech Used (0) 0 Bonus (1987) 1987 TOTAL SCORE: 7859 Bonus ------- Pacifist 1987 Cogmind --------- Core Integrity 0/1150 Matter 300/300 Energy 98/100 System Corruption 0% Temperature Cool (9) Movement Core (50) Location -4/Upper Caves Parts ------- > --- POWER (1) -------- (None) > --- PROPULSION (2) --- (None) > --- UTILITY (14) ----- 0b10 Decoder Chip [Generic] > --- WEAPON (2) ------- (None) > --- INVENTORY (5) ---- Neutrino Core VTOL Module VTOL Module Field Propulsion Array Peak State ------------ > --- POWER ------------ Enhanced Nuclear Core > --- PROPULSION ------- VTOL Module VTOL Module > --- UTILITY ---------- Advanced Sensor Array Advanced Terrain Scanner > --- WEAPON ----------- (None) > --- INVENTORY -------- VTOL Module VTOL Module VTOL Module Cooled VTOL Module [Rating: 20] Favorites ----------- Power Enhanced Nuclear Core Power Core Enhanced Nuclear Core Propulsion VTOL Module Flight Unit VTOL Module Utility Advanced Terrain Scanner Device Advanced Terrain Scanner Processor 0b10 Decoder Chip [Generic] Weapon Phasing Sabre Ballistic Gun Autogun Slashing Weapon Phasing Sabre Build | -11 -10 -9 -8 -7 -6 -5 -5 -5 -5 -4 -4 -4 -4 ------- Run | Yrd Mat Mat Mat Fac Fac Fac Upp Upp Zhi Pro Fac Upp Upp Slots Evolved 12 | . . 2 2 2 2 2 . . . . 2 . . Power . | . . . . . . . . . . . . . . Propulsion . | . . . . . . . . . . . . . . Utility 12 | . . 2 2 2 2 2 . . . . 2 . . Weapon . | . . . . . . . . . . . . . . Parts Attached 17 | . . . . 2 . 3 . . . 5 3 3 1 Power 1 | . . . . . . 1 . . . . . . . Engine . | . . . . . . . . . . . . . . Core 1 | . . . . . . 1 . . . . . . . Reactor . | . . . . . . . . . . . . . . Propulsion 10 | . . . . 2 . . . . . 4 3 1 . Treads . | . . . . . . . . . . . . . . Leg . | . . . . . . . . . . . . . . Wheel . | . . . . . . . . . . . . . . Hover . | . . . . . . . . . . . . . . Flight 10 | . . . . 2 . . . . . 4 3 1 . Utility 3 | . . . . . . 2 . . . . . 1 . Device 2 | . . . . . . 2 . . . . . . . Storage . | . . . . . . . . . . . . . . Processor 1 | . . . . . . . . . . . . 1 . Hackware . | . . . . . . . . . . . . . . Protection . | . . . . . . . . . . . . . . Artifact . | . . . . . . . . . . . . . . Weapon 3 | . . . . . . . . . . 1 . 1 1 Energy Gun . | . . . . . . . . . . . . . . Energy Cannon . | . . . . . . . . . . . . . . Ballistic Gun 1 | . . . . . . . . . . . . . 1 Ballistic Cannon . | . . . . . . . . . . . . . . Launcher . | . . . . . . . . . . . . . . Special Weapon . | . . . . . . . . . . . . . . Impact Weapon . | . . . . . . . . . . . . . . Slashing Weapon 2 | . . . . . . . . . . 1 . 1 . Piercing Weapon . | . . . . . . . . . . . . . . Special Melee Weapon . | . . . . . . . . . . . . . . Unidentified Prototypes 2 | . . . . . . 1 . . . 1 . . . Parts Lost 14 | . . . . . . 1 . . . 7 2 1 3 Power . | . . . . . . . . . . . . . . Propulsion 9 | . . . . . . . . . . 5 2 1 1 Utility 2 | . . . . . . 1 . . . 1 . . . Weapon 3 | . . . . . . . . . . 1 . . 2 Highest Loss Streak 3 | . . . . . . 1 . . . 3 2 1 3 To Critical Strikes . | . . . . . . . . . . . . . . Average Backups 2 | . . . . 2 5 4 4 4 4 1 . 2 4 Power . | . . . . . 1 . . . . . . . 1 Propulsion 1 | . . . . 1 4 4 4 4 4 1 . 1 3 Utility . | . . . . . . . . . . . . . . Weapon . | . . . . . . . . . . . . . . Tool/Special . | . . . . . . . . . . . . . . Unused Backups 4 | . . . . . . . . . . . . . 4 Power 1 | . . . . . . . . . . . . . 1 Propulsion 3 | . . . . . . . . . . . . . 3 Utility . | . . . . . . . . . . . . . . Weapon . | . . . . . . . . . . . . . . Tool/Special . | . . . . . . . . . . . . . . Average Slot Usage (%) 9 | . . . . 10 13 16 17 17 17 6 2 11 11 Flight 5 | . . . . 10 13 10 11 11 11 4 2 4 3 Device 1 | . . . . . . 5 5 5 5 . . . . Peak Build Rating 20 | . . . . 5 5 20 10 10 10 10 16 20 20 Average Rating 7 | . . . . 3 5 10 10 10 10 3 5 16 11 On Entrance 5 | . . . . . 5 5 10 10 10 10 . 8 20 Avg Prop Armor Cover (%) . | . . . . . . . . . . . . . . Naked Turns 323 | . 60 61 58 29 . . . . . 23 92 . . Heaviest Build 4 | . . . . . . 2 1 1 1 3 . 4 4 Greatest Support 15 | 3 3 3 3 8 8 8 8 8 8 8 15 7 7 Greatest Overweight (x) . | . . . . . . . . . . . . . . Average Overweight (x) . | . . . . . . . . . . . . . . Largest Inventory Capacity 5 | 5 5 5 5 5 5 5 5 5 5 5 5 5 5 Average Capacity 5 | 5 5 5 5 5 5 5 5 5 5 5 5 5 5 Most Carried 5 | . . . . 5 5 5 4 4 4 4 4 5 5 Average Carried 2 | . . . . 2 5 4 4 4 4 1 1 3 5 Final Capacity 5 | 5 5 5 5 5 5 5 5 5 5 5 5 5 5 Final Carried 5 | . . . . 5 5 4 4 4 4 . 2 5 5 Class Distribution -------------------- 67% | Mutant 32% | Sprinter Dominant Class ---------------- Mutant | -10/Materials Mutant | -9/Materials Mutant | -8/Materials Sprinter | -7/Factory Sprinter | -6/Factory Sprinter | -5/Factory Sprinter | -5/Upper Caves Sprinter | -5/Upper Caves Sprinter | -5/Zhirov Mutant | -4/Proximity Caves Mutant | -4/Factory Mutant | -4/Upper Caves Mutant | -4/Upper Caves Resources | -11 -10 -9 -8 -7 -6 -5 -5 -5 -5 -4 -4 -4 -4 ----------- Run | Yrd Mat Mat Mat Fac Fac Fac Upp Upp Zhi Pro Fac Upp Upp Matter Collected 354 | 32 . . 143 . . . . 33 . 37 . 83 26 Remotely . | . . . . . . . . . . . . . . Salvage Created 193 | . . . . . . . . . . 26 . 141 26 Parts 10 | . . . . . . . . . . 1 . 7 2 Haulers Intercepted . | . . . . . . . . . . . . . . Recyclers Shooed . | . . . . . . . . . . . . . . Parts Field Recycled . | . . . . . . . . . . . . . . Retrieved Matter . | . . . . . . . . . . . . . . Parts Self-Destructed 18 | . . . . . . . . . . 1 . 11 6 Prevented . | . . . . . . . . . . . . . . Parts Restored . | . . . . . . . . . . . . . . Kills | -11 -10 -9 -8 -7 -6 -5 -5 -5 -5 -4 -4 -4 -4 ------- Run | Yrd Mat Mat Mat Fac Fac Fac Upp Upp Zhi Pro Fac Upp Upp Combat Hostiles Destroyed 6 | . . . . . . . . . . 1 . 4 1 Melee 5 | . . . . . . . . . . 1 . 4 . Guns 1 | . . . . . . . . . . . . . 1 Classes Destroyed 2 | . . . . . . . . . . 1 . 1 . Swarmer 5 | . . . . . . . . . . 1 . 3 1 Grunt 1 | . . . . . . . . . . . . 1 . Best Kill Streak 3 | . . . . . . . . . . 1 . 3 1 Combat Bots Only 3 | . . . . . . . . . . 1 . 3 1 Max Kills in Single Turn 1 | . . . . . . . . . . 1 . 1 1 Gunslinging . | . . . . . . . . . . . . . . Exploded . | . . . . . . . . . . . . . . Melee 1 | . . . . . . . . . . 1 . 1 . Uniques/NPCs Destroyed . | . . . . . . . . . . . . . . Combat | -11 -10 -9 -8 -7 -6 -5 -5 -5 -5 -4 -4 -4 -4 -------- Run | Yrd Mat Mat Mat Fac Fac Fac Upp Upp Zhi Pro Fac Upp Upp Hostile Shots Fired 358 | . 1 24 48 2 . 3 24 2 . 91 96 22 45 Missed 150 | . . 9 11 1 . . 16 2 . 43 47 7 14 Hits 208 | . 1 15 37 1 . 3 8 . . 48 49 15 31 Projectile 208 | . 1 15 37 1 . 3 8 . . 48 49 15 31 Critical Strikes 3 | . . . . . . . . . . . 2 1 . Damage Taken 3149 | 6 9 173 417 16 . 57 112 . . 779 821 258 501 Core 2517 | 6 9 173 417 16 . 38 112 . . 580 609 188 369 Absorbed by Shields . | . . . . . . . . . . . . . . Core Remaining (%) 70 | 97 94 56 24 97 100 . . . . 27 . . . Volleys Fired 7 | . . . . . . . . . . . . . 7 Largest 1 | . . . . . . . . . . . . . 1 Hottest 23 | . . . . . . . . . . . . . 23 Shots Fired 7 | . . . . . . . . . . . . . 7 Gun 7 | . . . . . . . . . . . . . 7 Cannon . | . . . . . . . . . . . . . . Launcher . | . . . . . . . . . . . . . . Special . | . . . . . . . . . . . . . . Kinetic 7 | . . . . . . . . . . . . . 7 Thermal . | . . . . . . . . . . . . . . Explosive . | . . . . . . . . . . . . . . Electromagnetic . | . . . . . . . . . . . . . . Robot Hit Streak 4 | . . . . . . . . . . . . . 4 Robot Miss Streak 1 | . . . . . . . . . . . . . 1 Penetration Max . | . . . . . . . . . . . . . . Secondary Targets . | . . . . . . . . . . . . . . Shots Hit Robots 17 | . . . . . . . . . . 2 . 9 6 Core Hits 9 | . . . . . . . . . . 1 1 5 2 Critical Kills . | . . . . . . . . . . . . . . Critical Parts Destroyed . | . . . . . . . . . . . . . . Critical Strikes 1 | . . . . . . . . . . . . . 1 Sever 1 | . . . . . . . . . . . . . 1 Melee Attacks 23 | . . . . . . . . . . 10 . 11 2 Impact . | . . . . . . . . . . . . . . Slashing 23 | . . . . . . . . . . 10 . 11 2 Piercing . | . . . . . . . . . . . . . . Sneak Attacks . | . . . . . . . . . . . . . . Combat Hostiles . | . . . . . . . . . . . . . . Follow-up Attacks . | . . . . . . . . . . . . . . Damage Inflicted 640 | 12 . 11 25 . . . . . . 68 12 399 113 Guns 72 | . . . . . . . . . . . . . 72 Cannons . | . . . . . . . . . . . . . . Explosions . | . . . . . . . . . . . . . . Melee 503 | . . . . . . . . . . 68 . 399 36 Ramming 65 | 12 . 11 25 . . . . . . . 12 . 5 Kinetic 72 | . . . . . . . . . . . . . 72 Thermal . | . . . . . . . . . . . . . . Explosive . | . . . . . . . . . . . . . . Electromagnetic . | . . . . . . . . . . . . . . Impact . | . . . . . . . . . . . . . . Slashing 503 | . . . . . . . . . . 68 . 399 36 Piercing . | . . . . . . . . . . . . . . Highest Corruption 3 | . . . 1 . . . . . . 3 . . . Average Corruption 2 | . . . 1 . . . . . . 3 . . . Corruption Purged . | . . . . . . . . . . . . . . Corruption Blocked . | . . . . . . . . . . . . . . Overload Shots . | . . . . . . . . . . . . . . Overflow Damage 15 | . . . . . . . . . . . . 15 . Projectiles . | . . . . . . . . . . . . . . Explosions . | . . . . . . . . . . . . . . Melee 15 | . . . . . . . . . . . . 15 . Knockbacks 1 | 1 . . . . . . . . . . . . . Impact 1 | 1 . . . . . . . . . . . . . Kinetic . | . . . . . . . . . . . . . . Secondary . | . . . . . . . . . . . . . . Self-Inflicted Damage 30 | 6 . 5 11 . . . . . . . 6 . 2 Shots . | . . . . . . . . . . . . . . Rammed 15 | 1 . 3 7 . . . . . . . 2 . 2 Targets Rammed 15 | 1 . 3 7 . . . . . . . 2 . 2 Kicked . | . . . . . . . . . . . . . . Crushed . | . . . . . . . . . . . . . . Highest Temperature . | . . . . . . . . . . . . . . Average Temperature . | . . . . . . . . . . . . . . Received Heat Transfer 366 | . . 63 99 9 . 21 9 . . 48 9 99 9 Siege Activations . | . . . . . . . . . . . . . . Martial Activations . | . . . . . . . . . . . . . . Shielding Activations . | . . . . . . . . . . . . . . Robots Disrupted . | . . . . . . . . . . . . . . Combat Hostiles . | . . . . . . . . . . . . . . Robots Corrupted . | . . . . . . . . . . . . . . Combat Hostiles . | . . . . . . . . . . . . . . Parts Fried . | . . . . . . . . . . . . . . Impact Corruptions . | . . . . . . . . . . . . . . Robots Melted . | . . . . . . . . . . . . . . Combat Hostiles . | . . . . . . . . . . . . . . Parts Melted . | . . . . . . . . . . . . . . Heat Transferred . | . . . . . . . . . . . . . . Parts Sabotaged . | . . . . . . . . . . . . . . Parts Stolen . | . . . . . . . . . . . . . . Parts Stripped . | . . . . . . . . . . . . . . Power Chain Reactions . | . . . . . . . . . . . . . . Alert | -11 -10 -9 -8 -7 -6 -5 -5 -5 -5 -4 -4 -4 -4 ------- Run | Yrd Mat Mat Mat Fac Fac Fac Upp Upp Zhi Pro Fac Upp Upp Maximum Alert Level . | . . . . . . . . . . . . . . Low Security (%) 100 | 100 100 100 100 100 100 100 . . . . 100 . . Level 1 . | . . . . . . . . . . . . . . Level 2 . | . . . . . . . . . . . . . . Level 3 . | . . . . . . . . . . . . . . Level 4 . | . . . . . . . . . . . . . . Level 5 . | . . . . . . . . . . . . . . High Security . | . . . . . . . . . . . . . . Max Security . | . . . . . . . . . . . . . . Peak Influence 65 | . . 45 15 6 . 60 . . . . 65 . . Initial 15 | . . . 12 6 . . . . . . 15 . . Average 8 | . . 30 6 1 . 3 . . . . 12 . . Influence Increases 605 | . . 60 15 . . 60 30 105 . 80 105 90 60 Destroy 0b10 Robot/C 120 | . . . . . . . . . . 20 . 80 20 Destroy Leader 20 | . . . . . . . . . . . . 10 10 Partial Spotted 60 | . . 45 . . . 15 . . . . . . . Lose Combat Pursuer 405 | . . 15 15 . . 45 30 105 . 60 105 . 30 Influence Decreases 563 | . . 30 30 15 . . 63 56 76 55 65 115 58 Entered New Map 175 | . . . 18 9 . . 23 6 76 . 10 25 8 Time Decay 303 | . . 30 12 6 . . 40 50 . 30 35 80 20 Lost Part 85 | . . . . . . . . . . 25 20 10 30 Squads Dispatched 4 | . . 1 1 . . . . 1 . . 1 . . Investigation 2 | . . . 1 . . . . . . . 1 . . Extermination . | . . . . . . . . . . . . . . Reinforcement 1 | . . 1 . . . . . . . . . . . Assault 1 | . . . . . . . . 1 . . . . . Garrison . | . . . . . . . . . . . . . . Intercept . | . . . . . . . . . . . . . . Searches Triggered . | . . . . . . . . . . . . . . Construction Impeded . | . . . . . . . . . . . . . . Haulers Reinforced . | . . . . . . . . . . . . . . Active Scanning Responses . | . . . . . . . . . . . . . . Cargo Convoy Interrupts . | . . . . . . . . . . . . . . Stealth | -11 -10 -9 -8 -7 -6 -5 -5 -5 -5 -4 -4 -4 -4 --------- Run | Yrd Mat Mat Mat Fac Fac Fac Upp Upp Zhi Pro Fac Upp Upp Distress Signals 2 | . . . . . . . . . . . 2 . . Communications Jammed . | . . . . . . . . . . . . . . Distress Signals . | . . . . . . . . . . . . . . Times Spotted 95 | . 5 8 13 3 . 4 6 2 . 9 23 10 12 Peak Tracking Total 15 | . 3 7 10 2 . 4 4 7 . 6 15 4 8 Tactical Retreats 16 | . . 1 1 . . 1 1 3 . 3 4 . 2 Traps | -11 -10 -9 -8 -7 -6 -5 -5 -5 -5 -4 -4 -4 -4 ------- Run | Yrd Mat Mat Mat Fac Fac Fac Upp Upp Zhi Pro Fac Upp Upp Traps Triggered 2 | . . . 1 . . 1 . . . . . . . Indirectly . | . . . . . . . . . . . . . . Trap Hack Attempts . | . . . . . . . . . . . . . . Triggered . | . . . . . . . . . . . . . . Disarmed . | . . . . . . . . . . . . . . Reprogrammed . | . . . . . . . . . . . . . . Reused . | . . . . . . . . . . . . . . Traps Extracted . | . . . . . . . . . . . . . . Installed . | . . . . . . . . . . . . . . Triggered . | . . . . . . . . . . . . . . Machines | -11 -10 -9 -8 -7 -6 -5 -5 -5 -5 -4 -4 -4 -4 ---------- Run | Yrd Mat Mat Mat Fac Fac Fac Upp Upp Zhi Pro Fac Upp Upp Machines Disabled . | . . . . . . . . . . . . . . Max in Single Turn . | . . . . . . . . . . . . . . Machines Repaired . | . . . . . . . . . . . . . . Machines Dismantled . | . . . . . . . . . . . . . . Machines Sabotaged . | . . . . . . . . . . . . . . Overloaded Fab Kills . | . . . . . . . . . . . . . . Hacking | -11 -10 -9 -8 -7 -6 -5 -5 -5 -5 -4 -4 -4 -4 --------- Run | Yrd Mat Mat Mat Fac Fac Fac Upp Upp Zhi Pro Fac Upp Upp Machines Accessed 5 | . . . 2 . . . . . . . 2 1 . Terminals 4 | . . . 2 . . . . . . . 2 . . Fabricators . | . . . . . . . . . . . . . . Repair Stations . | . . . . . . . . . . . . . . Recycling Units . | . . . . . . . . . . . . . . Scanalyzers . | . . . . . . . . . . . . . . Garrison Access . | . . . . . . . . . . . . . . Total Hacks 11 | . . . 6 . . . . . . . 4 1 . Successful 1 | . . . . . . . . . . . . 1 . Failed 10 | . . . 6 . . . . . . . 4 . . Catastrophic 4 | . . . 1 . . . . . . . 3 . . Database Lockouts . | . . . . . . . . . . . . . . Manual 10 | . . . 6 . . . . . . . 4 . . Terminals 10 | . . . 6 . . . . . . . 4 . . Fabricators . | . . . . . . . . . . . . . . Repair Stations . | . . . . . . . . . . . . . . Recycling Units . | . . . . . . . . . . . . . . Scanalyzers . | . . . . . . . . . . . . . . Garrison Access . | . . . . . . . . . . . . . . Terminal Hacks 1 | . . . . . . . . . . . . 1 . Open Door 1 | . . . . . . . . . . . . 1 . Fabricator Hacks . | . . . . . . . . . . . . . . Repair Station Hacks . | . . . . . . . . . . . . . . Recycling Unit Hacks . | . . . . . . . . . . . . . . Scanalyzer . | . . . . . . . . . . . . . . Garrison Access Hacks . | . . . . . . . . . . . . . . Unauthorized Hacks . | . . . . . . . . . . . . . . Terminals . | . . . . . . . . . . . . . . Fabricators . | . . . . . . . . . . . . . . Repair Stations . | . . . . . . . . . . . . . . Recycling Units . | . . . . . . . . . . . . . . Scanalyzers . | . . . . . . . . . . . . . . Garrison Access . | . . . . . . . . . . . . . . Data Cores Recovered . | . . . . . . . . . . . . . . Used . | . . . . . . . . . . . . . . Hacking Detections 4 | . . . 2 . . . . . . . 2 . . Full Trace Events 2 | . . . 1 . . . . . . . 1 . . Feedback Events . | . . . . . . . . . . . . . . Feedback Blocked . | . . . . . . . . . . . . . . Robot Schematics Acquired . | . . . . . . . . . . . . . . Robots Built . | . . . . . . . . . . . . . . Authchips . | . . . . . . . . . . . . . . Time . | . . . . . . . . . . . . . . Total Robot Build Rating . | . . . . . . . . . . . . . . Part Schematics Acquired . | . . . . . . . . . . . . . . Parts Built . | . . . . . . . . . . . . . . Authchips . | . . . . . . . . . . . . . . Time . | . . . . . . . . . . . . . . Total Part Build Rating . | . . . . . . . . . . . . . . Part Studies Acquired . | . . . . . . . . . . . . . . Parts Repaired . | . . . . . . . . . . . . . . Time . | . . . . . . . . . . . . . . Parts Recycled . | . . . . . . . . . . . . . . Recycled Matter . | . . . . . . . . . . . . . . Retrieved Matter . | . . . . . . . . . . . . . . Retrieved Components . | . . . . . . . . . . . . . . Parts Scanalyzed . | . . . . . . . . . . . . . . Part Schematics Acquired . | . . . . . . . . . . . . . . Parts Damaged . | . . . . . . . . . . . . . . Bothacking | -11 -10 -9 -8 -7 -6 -5 -5 -5 -5 -4 -4 -4 -4 ------------ Run | Yrd Mat Mat Mat Fac Fac Fac Upp Upp Zhi Pro Fac Upp Upp Used RIF Installer . | . . . . . . . . . . . . . . Robots Hacked . | . . . . . . . . . . . . . . Non-combat . | . . . . . . . . . . . . . . Combat . | . . . . . . . . . . . . . . Robot Hacks Applied . | . . . . . . . . . . . . . . Relay Couplers Released . | . . . . . . . . . . . . . . Fabnet Peak Effective % . | . . . . . . . . . . . . . . Robots Rewired . | . . . . . . . . . . . . . . Allies Hacked . | . . . . . . . . . . . . . . Hacks Repelled . | . . . . . . . . . . . . . . Allies | -11 -10 -9 -8 -7 -6 -5 -5 -5 -5 -4 -4 -4 -4 -------- Run | Yrd Mat Mat Mat Fac Fac Fac Upp Upp Zhi Pro Fac Upp Upp Total Allies . | . . . . . . . . . . . . . . Largest Group . | . . . . . . . . . . . . . . Highest-Rated Group . | . . . . . . . . . . . . . . Highest-Rated Ally . | . . . . . . . . . . . . . . Total Orders . | . . . . . . . . . . . . . . Ally Attacks . | . . . . . . . . . . . . . . Total Damage . | . . . . . . . . . . . . . . Kills . | . . . . . . . . . . . . . . Allies Corrupted . | . . . . . . . . . . . . . . Allies Melted . | . . . . . . . . . . . . . . Intel | -11 -10 -9 -8 -7 -6 -5 -5 -5 -5 -4 -4 -4 -4 ------- Run | Yrd Mat Mat Mat Fac Fac Fac Upp Upp Zhi Pro Fac Upp Upp Active Infowar (turns) 243 | . . . . . . 15 . . . . . 185 43 Sensors 15 | . . . . . . 15 . . . . . . . Terrain 13 | . . . . . . 13 . . . . . . . Decoding 228 | . . . . . . . . . . . . 185 43 Robot Analysis Total . | . . . . . . . . . . . . . . Derelict Logs Recovered 8 | . . . . . . . 2 2 . 2 . 2 . Drone Launches . | . . . . . . . . . . . . . . Drone Recoveries . | . . . . . . . . . . . . . . Exploration | -11 -10 -9 -8 -7 -6 -5 -5 -5 -5 -4 -4 -4 -4 ------------- Run | Yrd Mat Mat Mat Fac Fac Fac Upp Upp Zhi Pro Fac Upp Upp Turns Passed 1236 | 10 60 61 58 114 6 94 95 105 1 164 173 252 43 Spaces Moved 2747 | 17 119 115 102 300 18 233 295 329 3 341 318 513 44 Core 692 | 17 119 115 102 57 . . . . . 111 137 . 34 Treads . | . . . . . . . . . . . . . . Legs . | . . . . . . . . . . . . . . Wheels . | . . . . . . . . . . . . . . Hover . | . . . . . . . . . . . . . . Flight 2055 | . . . . 243 18 233 295 329 3 230 181 513 10 Fastest Speed 32 | 50 50 50 50 32 32 32 32 32 32 32 40 40 40 Average Speed 38 | 50 50 50 50 35 32 32 32 32 32 39 44 40 47 Slowest Speed 50 | 50 50 50 50 50 32 35 32 32 32 50 50 40 50 Overloaded Moves . | . . . . . . . . . . . . . . Propulsion Burnouts . | . . . . . . . . . . . . . . Robots Hopped 16 | . . . . 1 . 2 . . . . 12 1 . Potential Cave-ins . | . . . . . . . . . . . . . . Cave-ins Triggered . | . . . . . . . . . . . . . . Exploration Rate (%) 28 | 4 32 28 20 18 1 12 62 61 7 62 14 62 14 Regions Visited 13 Branch Regions 6 Pre-discovered Areas 3 | . . . . . . . . 2 . 1 . . . Known Exits Taken . | . . . . . . . . . . . . . . Unknown Exits Taken 13 | 1 1 1 1 1 1 1 1 1 1 1 1 1 . Scrap Searched 8 | . . . . . . . 1 1 . 2 . 4 . Spaces Dug . | . . . . . . . . . . . . . . Terrain Destroyed . | . . . . . . . . . . . . . . Melee . | . . . . . . . . . . . . . . Projectile . | . . . . . . . . . . . . . . AOE . | . . . . . . . . . . . . . . Terrain Rammed . | . . . . . . . . . . . . . . Walls Destroyed . | . . . . . . . . . . . . . . Machines Disabled . | . . . . . . . . . . . . . . Actions | -11 -10 -9 -8 -7 -6 -5 -5 -5 -5 -4 -4 -4 -4 --------- Run | Yrd Mat Mat Mat Fac Fac Fac Upp Upp Zhi Pro Fac Upp Upp Total 2848 | 17 118 117 108 305 17 248 294 328 2 361 336 540 57 Wait 47 | . . . . . . 11 . . . 3 22 10 1 Move 2706 | 16 118 114 102 297 17 228 294 328 2 340 296 510 44 Hop 13 | . . . . 1 . 2 . . . . 9 1 . Pick Up 11 | . . . . 5 . . . . . 1 2 3 . Fast Attach 12 | . . . . 2 . 4 . . . . 2 3 1 Attach 9 | . . . . . . 1 . . . 5 2 1 . Detach 4 | . . . . . . 1 . . . 1 1 1 . Swap . | . . . . . . . . . . . . . . Drop 2 | . . . . . . 1 . . . 1 . . . Fire 7 | . . . . . . . . . . . . . 7 Melee 23 | . . . . . . . . . . 10 . 11 2 Ram 14 | 1 . 3 6 . . . . . . . 2 . 2 Kick . | . . . . . . . . . . . . . . Crush . | . . . . . . . . . . . . . . Escape Stasis . | . . . . . . . . . . . . . . Rewire . | . . . . . . . . . . . . . . Trap . | . . . . . . . . . . . . . . Miscellaneous . | . . . . . . . . . . . . . . Route ------- -11/Scrapyard -10/Materials (discovered 2 exits: [*Mat] / [*Min]) -9/Materials -8/Materials -7/Factory -6/Factory -5/Factory -5/Upper Caves -5/Upper Caves -5/Zhirov -4/Proximity Caves -4/Factory -4/Upper Caves -4/Upper Caves History --------- Turn | Location | Event 2 | -11/Scrapyard | Met Revision 17 4 | -11/Scrapyard | Discovered new exit (range 13) 11 | -11/Scrapyard | Entered Materials 60 | -10/Materials | Discovered new exit (range 12) 63 | -10/Materials | Discovered new exit (range 16) 71 | -10/Materials | Entered another Materials area 71 | -9/Materials | Evolved 2 slots: Utility x2 123 | -9/Materials | Discovered new exit (range 16) 132 | -9/Materials | Entered another Materials area 132 | -8/Materials | Evolved 2 slots: Utility x2 183 | -8/Materials | Discovered new exit (range 14) 187 | -8/Materials | Core integrity fell below 50% 190 | -8/Materials | Entered Factory 190 | -7/Factory | Evolved 2 slots: Utility x2 301 | -7/Factory | Discovered new exit (range 14) 304 | -7/Factory | Entered another Factory area 304 | -6/Factory | Evolved 2 slots: Utility x2 305 | -6/Factory | Discovered new exit (range 15) 310 | -6/Factory | Entered another Factory area 310 | -5/Factory | Evolved 2 slots: Utility x2 399 | -5/Factory | Discovered new exit (range 12) 404 | -5/Factory | Entered Upper Caves 420 | -5/Upper Caves | Learned Factory non-interactive machine intel 454 | -5/Upper Caves | Attracted the attention of an 0b10 checkpoint 461 | -5/Upper Caves | Spotted B-75 Beast 497 | -5/Upper Caves | Discovered new exit (range 6) 499 | -5/Upper Caves | Entered another Upper Caves area 514 | -5/Upper Caves | Build established: Sprinter 521 | -5/Upper Caves | Learned location of Warlord (-4) 528 | -5/Upper Caves | Attracted the attention of an 0b10 outpost 602 | -5/Upper Caves | Discovered new exit (range 7) 604 | -5/Upper Caves | Entered Zhirov 604 | -5/Zhirov | Discovered new exit (range 3) 605 | -5/Zhirov | Entered Proximity Caves 605 | -4/Proximity Caves | Spotted B-86 Titan 646 | -4/Proximity Caves | Lost 3 parts (2n1u) 647 | -4/Proximity Caves | Learned location of Quarantine (-3) 683 | -4/Proximity Caves | Attracted the attention of an 0b10 checkpoint 750 | -4/Proximity Caves | Core integrity fell below 50% 764 | -4/Proximity Caves | Learned 12 Research zone layouts 768 | -4/Proximity Caves | Discovered new exit (range 3) 769 | -4/Proximity Caves | Entered Factory 769 | -4/Factory | Evolved 2 slots: Utility x2 770 | -4/Factory | Loaded intel: 184 non-interactive machine locations 919 | -4/Factory | Build established: Mutant 920 | -4/Factory | Spotted B-86 Titan 928 | -4/Factory | Core integrity fell below 50% 937 | -4/Factory | Discovered new exit (range 11) 942 | -4/Factory | Entered Upper Caves 1094 | -4/Upper Caves | Encountered a Warlord checkpoint 1094 | -4/Upper Caves | Learned 4 Research zone layouts 1192 | -4/Upper Caves | Discovered new exit (range 5) 1194 | -4/Upper Caves | Entered another Upper Caves area 1209 | -4/Upper Caves | Core integrity fell below 20% 1235 | -4/Upper Caves | Spotted B-86 Titan 1237 | -4/Upper Caves | Destroyed by B-86 Titan with Matter Neutralizer Last Messages --------------- 01154_ Acquired Neutrino Core. 01192_ EXIT=FOUND LOCATION=UNKNOWN GOAL=ESCAPE 01196_ H3-R5X(k) breaks down the debris. 01202_ S-27 Virus Autogun severed. 01203_ Phasing Sabre destroyed. 01205_ Acquired Autogun. 01207_ S-27 Virus destroyed. 01210_ Impulse Thruster destroyed. 01211_ Lgt. Nuclear Core fries itself beyond repair. 01211_ VTOL Module fries itself beyond repair. 01211_ S-27 Virus destroyed. 01213_ H3-R5X(k) destroyed. 01218_ VTOL Module fries itself beyond repair. 01218_ Autogun destroyed. 01219_ Acquired 26 matter. 01220_ Slammed into S-27 Virus. 01222_ VTOL Module fries itself beyond repair. 01222_ Autogun fries itself beyond repair. Map ----- +----------------------------------------------------+ | ?????????????????????????????????????????????????? | | ?????????????????????????????????????????????????? | | ?????????????????????????????????????????????????? | | ?????????????????????????????????????????????????? | | ?????????????????????????????????????????????????? | | ?????????????????????????????????????????????????? | | ?????????????????????????????????????????????????? | | ?????????????????????????????????????????????????? | | ?????????????????????????????????????????????????? | | ?????????????????????????????????????????????????? | | ?????????????????????????????????????????????????? | | ?????????????????????????????????????????????????? | | ?????????????????????????????????????????????????? | | ?????????????????????????????????????????????????? | | ???????????????????????????????#########?????????? | | ???????????????????????????????# ##########? | | ??????????????????????????????? ?? | | ???????????????????????????????# ??? | | ???????????????????????????????# #??? | | ??????????????????????????????## ##?? | | ???????????????????????????#### #?? | | ??????????????????##???????# ## #?# | | ??????????????????# ###???# #?# ### | | ??????????????????# #### #???# #?# ## | | ?????????????????## s #???# ###%# | | ?????????????????# @ ## ##### | | ???????????????# ### #### | | ????????????# ? ##??## #### | | ???????????# ? ?????# #####??# | | ??????????? # BB ? ##??????# | | ???????????? ??# BB ## ##???????# | | ???????????? ????# ??# #### ###???????# # | | ?????????????????# ???# ????# #??????? ## | | ?????????????????#####???# ?????# #?????# ###? | | ?????????????????????????? ?????# #????# ???? | | ?????????????????????????# ????? ##?????# ??? | | ????????????????????????? ???? ???????## ???## | | ????????????????????????? ????# ????????## ????# | | ????????????????????????? ????? ?????????## ????? | | ??????????????????????????????? ???????????#?????? | | ??????????????????????????????# ?????????????????? | | ?????????????????????????????????????????????????? | | ?????????????????????????????????????????????????? | | ?????????????????????????????????????????????????? | | ?????????????????????????????????????????????????? | | ?????????????????????????????????????????????????? | | ?????????????????????????????????????????????????? | | ?????????????????????????????????????????????????? | | ?????????????????????????????????????????????????? | | ?????????????????????????????????????????????????? | +----------------------------------------------------+ Best States ------------- Heat Dissipation 43 Energy Generation 5 Energy Capacity 100 Matter Stores 300 Matter Capacity 300 Sight Range 16 Robot Scan Range 16 Terrain Scan Range 20 Terrain Scan Density 10 Evasion (%) 63 Item Schematics ----------------- None Robot Schematics ------------------ None Fabricated ------------ Nothing Repaired ---------- Nothing Studied --------- None Alien Tech Used ----------------- None Achievements -------------- None Challenges ------------ None Game ------ Seed MicrowarpVariableEngine Manual? 0 Play Time 00:17:32 Cumulative 250.3 hours Start 2026.07.07 @ 21:23:56 End 2026.07.07 @ 21:40:52 Sessions 1 Manual Loads 0 Difficulty Rogue Special Mode None Game No. 414 Rogue 251 Adventurer 15 Explorer 148 Win Type - Total 28 Types 27/0/0/1/0/0/0/0/0/0 Lore% 65 Gallery% 64 Achievement% 57 Wizard Run 0 Options --------- Layout 0 ASCII 0 Keyboard 1 Movement Numpad Keybinds 0 Fullscreen 2 Font 18/SmallcapsGlow Map View 76x50 Zoom Use 0% Tactical HUD 1 Map Filters NONE Filters NONE Steam 1 RUN: 3006d01e-251c-4c34-bff1-ace4d2ff1919